 Dungeon Crawl Stone Soup version 0.19-a0-1049-g462a813 (webtiles) character file.

2404 Gagarin the Conjurer (level 9, -6/69 HPs)
             Began as a Grey Draconian Conjurer on July 31, 2016.
             Was an Initiate of Sif Muna.
             Mangled by a hill giant
             ... wielding a +0 giant club
              (30 damage)
             ... on level 7 of the Dungeon.
             The game lasted 00:31:01 (9493 turns).

Gagarin the Conjurer (Grey Draconian Conjurer)      Turns: 9493, Time: 00:31:02

Health: -6/69      AC: 13    Str: 11    XL:     9   Next: 23%
Magic:  2/18       EV: 15    Int: 18    God:    Sif Muna [......]
Gold:   160        SH:  0    Dex: 16    Spells: 4 memorised, 10 levels left

rFire  + . .     SeeInvis .     r - +0 falchion
rCold  . . .     Gourm    .     (armour unavailable)
rNeg   . . .     Faith    .     (no shield)
rPois  .         Spirit   .     (helmet restricted)
rElec  .         Dismiss  .     (no cloak)
rCorr  .         Reflect  .     n - +0 pair of gloves
SustAt .         Harm     .     (no boots)
MR     .....                    (no amulet)
Stlth  ++........               d - ring of protection from fire
                                s - +4 ring of dexterity

@: not resistant to hostile enchantments, unstealthy
A: walk through water, unfitting armour, unbreathing, cold-blooded, AC +12
a: Renounce Religion


You were on level 7 of the Dungeon.
You worshipped Sif Muna.
Sif Muna was noncommittal.
You were hungry.

You visited 2 branches of the dungeon, and saw 8 of its levels.

You collected 332 gold pieces.
You spent 172 gold pieces at shops.

Inventory:

Hand Weapons
 r - a +0 falchion (weapon)
 G - a +0 hand crossbow
Missiles
 h - 44 arrows
 k - 16 bolts
Armour
 n - a +0 pair of gloves (worn)
Jewellery
 d - a ring of protection from fire (right hand)
 j - an uncursed ring of positive energy
 s - a +4 ring of dexterity (left hand)
 u - a +2 ring of strength
 C - an uncursed ring of flight
 D - an uncursed ring of flight
Scrolls
 c - 2 scrolls of blinking
 f - 2 scrolls of recharging {unknown}
 i - a scroll of teleportation
 o - a scroll of fog {unknown}
 p - a scroll of noise {unknown}
 q - 3 scrolls of identify
 t - a scroll of immolation {unknown}
 x - 2 scrolls of remove curse {unknown}
 y - a scroll of amnesia {unknown}
 B - 2 scrolls of random uselessness {unknown}
 I - a scroll of enchant weapon
Potions
 e - 5 potions of curing
 l - a potion of brilliance {unknown}
 v - 2 potions of degeneration {unknown}
 w - a potion of agility {unknown}
 E - a potion of berserk rage {unknown}
 H - a potion of resistance {unknown}
Books
 a - a book of Conjurations

   Spells                             Type                      Level
   a - Magic Dart                     Conjuration                  1
   b - Searing Ray                    Conjuration                  2
   c - Dazzling Spray                 Conjuration/Hexes            3
   d - Fulminant Prism                Conjuration/Hexes            4
   e - Iskenderun's Mystic Blast      Conjuration                  4
   f - Iskenderun's Battlesphere      Conjuration/Charms           5
Comestibles
 b - 3 bread rations
 g - a slice of pizza
 m - 2 chunks of flesh
 z - 2 fruits
 A - a meat ration
 F - a royal jelly


   Skills:
 + Level 3.1 Fighting
 + Level 2.7 Long Blades
 + Level 5.3 Dodging
 + Level 4.1 Stealth
 + Level 6.0 Spellcasting
 + Level 7.6 Conjurations
 + Level 2.2 Hexes


You had 10 spell levels left.
You knew the following spells:

 Your Spells              Type           Power        Failure   Level  Hunger
a - Magic Dart            Conj           ####         1%          1    None
b - Searing Ray           Conj           ####..       1%          2    None
c - Dazzling Spray        Conj/Hex       ###...       6%          3    ##.....
d - Fulminant Prism       Conj/Hex       ###.......   21%         4    ####...


Dungeon Overview and Level Annotations

Branches:
Dungeon (7/15)             Temple (1/1) D:7

Altars:
Ashenzari
Cheibriados
Elyvilon
Fedhas
Hepliaklqana
Kikubaaqudgha
Makhleb
Nemelex Xobeh
Okawaru
Qazlal
Ru
Sif Muna
Trog
Uskayaw
Vehumet
Xom
Yredelemnul
Zin
The Shining One

Shops:
D:4 *   D:6 *

Annotations:
D:7 Menkaure


Innate Abilities, Weirdness & Mutations

You can walk through water.
Your dull iron-grey scales are very hard. (AC +12)
Your body does not fit into most forms of armour.
You can survive without breathing.
You are cold-blooded and may be slowed by cold attacks.


Message History

Casting: Searing Ray
Confirm with . or Enter, or press ? or * to list all spells.
Aiming: Magic Dart
Press: ? - help, Shift-Dir - straight line, f/p - hill giant
Aim: a hill giant, wielding a giant club (severely wounded)
The magic dart hits the hill giant.
The hill giant is severely wounded.
The hill giant hits you with a giant club!!
There is an open door here.
There is an open door here.
There is a stone staircase leading down here.
The hill giant hits you with a giant club!
You climb downwards.
Level annotation: Menkaure The centaur shoots an arrow.
The arrow barely misses you.
There is a stone staircase leading up here.
You see here 2 arrows.
A jelly comes into view.
The hill giant hits you with a giant club!!
You die...

#########..###.#
...........#
######.##.#
.........#.#
..###......###
....(.(.(...#
.#..........#
##.....(.#.#
##..C@.##.#
#.[<..# #
#.#.#.# #(.M#.#
##.c..# ..#..J
##..... ##.....
#.....


You could see a hill giant, Menkaure, a centaur and a jelly.

Vanquished Creatures
  A troll (D:6)
  Sigmund (D:5)
  Eustachio (D:6)
  A water moccasin (D:5)
  An orc warrior (D:6)
  Duvessa (D:4)
  An eye of draining (D:6)
  An ice beast (D:6)
  3 ogres
  Blork the orc (D:6)
  3 giant frogs (D:6)
  A gnoll sergeant (D:5)
  Dowan (D:4)
  A scorpion (D:5)
  A jelly (D:6)
  A howler monkey (D:4)
  3 crimson imps
  A giant frog zombie (D:6)
  2 hounds
  A giant frog skeleton (D:4)
  2 centaur skeletons
  An orc wizard (D:6)
  4 worker ants
  2 hound skeletons
  6 gnolls
  4 adders
  A howler monkey skeleton (D:6)
  A shadow imp (D:5)
  An ooze (D:2)
  2 adder zombies
  2 worms
  4 dart slugs (D:1)
  2 giant geckos
  13 orcs
  3 bats
  4 giant cockroaches
  10 goblins
  11 hobgoblins
  10 jackals
  6 kobolds
  4 quokkas
  2 ball pythons
  4 giant newts
  A jackal skeleton (D:5)
  A quokka skeleton (D:4)
  3 rats
131 creatures vanquished.

Vanquished Creatures (others)
  3 fulminant prisms (D:6)
3 creatures vanquished.

Grand Total: 134 creatures vanquished

Notes
Turn   | Place    | Note
-------+----------+-------------------------------------------
     0 | D:1      | Gagarin the Draconian Conjurer began the quest for the Orb.
     0 | D:1      | Reached XP level 1. HP: 14/14 MP: 3/3
   176 | D:1      | Reached XP level 2. HP: 20/20 MP: 1/5
   854 | D:1      | Reached XP level 3. HP: 26/26 MP: 4/6
  1343 | D:2      | Learned a level 2 spell: Searing Ray
  1347 | D:2      | Learned a level 3 spell: Dazzling Spray
  1371 | D:2      | Reached skill level 5 in Conjurations
  1371 | D:2      | Reached XP level 4. HP: 30/33 MP: 0/7
  1640 | D:2      | Found a stormy altar of Qazlal.
  2737 | D:3      | Found a stormy altar of Qazlal.
  3272 | D:3      | Reached XP level 5. HP: 39/39 MP: 3/9
  3739 | D:4      | Noticed an ogre
  3840 | D:3      | Killed an ogre
  4216 | D:4      | Reached XP level 6. HP: 46/46 MP: 2/11
  4391 | D:4      | Found a hazy altar of Hepliaklqana.
  4450 | D:4      | Noticed Duvessa
  4464 | D:4      | Killed Duvessa
  4550 | D:4      | Noticed Dowan
  4562 | D:4      | Killed Dowan
  4706 | D:4      | Reached skill level 6 in Conjurations
  4880 | D:4      | Found Ekeagin's Assorted Antiques.
  4886 | D:4      | Bought a falchion for 57 gold pieces
  4964 | D:4      | Your scales start taking on a dull iron-grey colour.
  4964 | D:4      | Reached XP level 7. HP: 38/51 MP: 9/13
  4964 | D:4      | Gained mutation: You can survive without breathing. [Grey Draconian growth]
  5334 | D:5      | Entered Level 5 of the Dungeon
  5359 | D:5      | Reached skill level 1 in Fighting
  5452 | D:5      | Reached skill level 1 in Long Blades
  5870 | D:5      | Found a white marble altar of Elyvilon.
  5890 | D:5      | Learned a level 4 spell: Fulminant Prism
  6488 | D:5      | Noticed Sigmund
  6567 | D:5      | Killed Sigmund
  6567 | D:5      | Reached skill level 1 in Hexes
  6573 | D:5      | Reached XP level 8. HP: 57/62 MP: 1/15
  7206 | D:6      | Noticed Eustachio
  7246 | D:6      | Killed Eustachio
  7246 | D:6      | Reached skill level 5 in Spellcasting
  7398 | D:6      | Found a snail-covered altar of Cheibriados.
  7431 | D:6      | Noticed Blork the orc
  7448 | D:6      | Killed Blork the orc
  8026 | D:6      | Found Zeton's General Store.
  8038 | D:6      | Reached skill level 7 in Conjurations
  8054 | D:6      | Bought a potion of curing for 33 gold pieces
  8054 | D:6      | Bought a scroll of enchant weapon for 82 gold pieces
  8899 | D:7      | Found a staircase to the Ecumenical Temple.
  8906 | Temple   | Entered the Ecumenical Temple
  9037 | Temple   | Became a worshipper of Sif Muna the Loreminder
  9150 | D:7      | Reached XP level 9. HP: 68/68 MP: 11/17
  9161 | D:7      | Noticed Menkaure
  9207 | D:6      | Reached skill level 5 in Dodging
  9337 | D:6      | Noticed a troll
  9338 | D:6      | Noticed a troll
  9357 | D:6      | Killed a troll
  9453 | D:6      | Noticed a hill giant
  9493 | D:7      | Mangled by a hill giant

Vault maps used:
D:1:      dpeg_arrival_shrine
D:2:      lemuel_round_altar, serial_bayou_lake_a
D:3:      roderic_bali_sauvastika, grunt_qazlal_sundering
D:4:      lemuel_round_altar, serial_shops, shop, first_bread, uniq_duvessa
D:5:      elyvilon_altar_1, uniq_sigmund
D:6:      minmay_klotski, lemuel_doored_altar, serial_shops, shop, serial_glass,
          glass_columns_c, glass_columns_b, minmay_misc_feat_pillars,
          uniq_prince_ribbit1, uniq_blork_the_orc, uniq_eustachio
D:7:      uniq_pikel, uniq_menkaure
Temple:   bh_familiar_temple

Skill      XL: |  1  2  3  4  5  6  7  8  9 |
---------------+----------------------------+-----
Stealth        | 2 3 4 |  4.1
Dodging        | 2 3 4 5 |  5.3
Conjurations   | 5 6 7 |  7.6
Spellcasting   | 3 4 5 6 |  6.0
Fighting       | 2 3 |  3.1
Long Blades    | 1 2 |  2.7
Hexes          | 1 2 |  2.2

Action                   |  1- 3 |  4- 6 |  7- 9 || total
-------------------------+-------+-------+-------++-------
Melee: Unarmed           |    27 |     7 |       ||    34
       Tailslap          |       |     3 |    31 ||    34
       Falchion          |       |    13 |   175 ||   188
 Cast: Magic Dart        |    60 |    93 |   127 ||   280
       Searing Ray       |     1 |    12 |    17 ||    30
       Dazzling Spray    |       |     6 |    26 ||    32
       Fulminant Prism   |       |       |     3 ||     3
  Use: Scroll            |       |       |     4 ||     4
       Potion            |       |       |     1 ||     1
 Stab: Invisible         |       |       |     3 ||     3
  Eat: Chunk             |     2 |    14 |    16 ||    32
Armor: Skin              |     6 |    12 |    64 ||    82
Dodge: Dodged            |    14 |    40 |   137 ||   191
